Map: Nightshade LE

Players

Hurricane

  • Race: Protoss Protoss
  • Spawn Location: 11:00

Zest - Winner!

  • Race: Protoss Protoss
  • Spawn Location: 5:00

Event: IEM Katowice 2020

VOD

Have the link to the VOD?

Description

Time

  • Played on: Feb. 29, 2020, 6:28 a.m.
  • Length: 8:45

All games in this series

Show
View Real Time Build Order
Export as new Build Order

Hurricane Protoss 

Build Orders:  

Get SALT Encoding   

  12  0:00  Probe  
  13  0:12  Probe  
  14  0:17  Pylon  
  14  0:24  Probe (Chrono Boost)  
  15  0:37  Probe (Chrono Boost)  
  15  0:38  Gateway  
  16  0:43  Probe (Chrono Boost)  
  16  0:45  Assimilator  
  17  0:51  Probe  
  17  0:54  Assimilator  
  18  1:03  Probe (Chrono Boost)  
  19  1:10  Gateway  
  19  1:12  Probe (Chrono Boost)  
  19  1:17  Probe (Chrono Boost)  
  20  1:25  Cybernetics Core  
  21  1:29  Probe  
  22  1:34  Pylon  
  22  1:41  Probe  
  24  2:02  Adept x2  
  24  2:05  Robotics Facility  
  27  2:09  Warp Gate  
  27  2:10  Probe  
  28  2:20  Pylon  
  28  2:35  Stalker  
  30  2:38  Stalker  
  32  2:48  Shield Battery  
  32  2:57  Warp Prism (Chrono Boost)  
  34  3:14  Gateway  
  34  3:19  Stalker  
  36  3:25  Observer (Chrono Boost)  
  37  3:31  Stalker  
  37  3:35  Pylon  
  37  3:47  Pylon  
  37  3:59  Stalker  
  39  4:08  Stalker x2  
  41  4:31  Sentry, Stalker x2  
  45  4:59  Immortal (Chrono Boost)  
  49  5:15  Sentry  
  51  5:30  Adept x2  
  51  5:34  Pylon  
  53  5:50  Immortal (Chrono Boost)  
  53  6:17  Nexus  
  54  6:30  Warp Prism (Chrono Boost)  
  55  6:40  Sentry  
  55  6:41  Sentry  
  55  6:46  Sentry  
  61  6:51  Pylon  
  61  7:10  Sentry  
  61  7:12  Immortal  
  61  7:13  Immortal x2  
  61  7:14  Pylon  
  63  7:20  Pylon  
  63  7:34  Sentry, Stalker x2  
  68  7:55  Stalker  
  68  7:56  Stalker  
  68  7:57  Adept  
  65  8:14  Adept  
  55  8:30  Stalker x2  
Show
View Real Time Build Order
Export as new Build Order

Zest Protoss - Winner!

Build Orders: Oracle Opening, Blink Stalkers 

Get SALT Encoding   

  12  0:00  Probe  
  13  0:12  Probe  
  14  0:17  Pylon  
  14  0:25  Probe (Chrono Boost)  
  15  0:36  Gateway  
  15  0:37  Probe (Chrono Boost)  
  16  0:44  Probe (Chrono Boost)  
  16  0:45  Assimilator  
  17  0:51  Probe  
  17  0:54  Assimilator  
  18  1:03  Probe (Chrono Boost)  
  19  1:07  Gateway  
  19  1:12  Probe (Chrono Boost)  
  19  1:17  Probe (Chrono Boost)  
  20  1:23  Cybernetics Core  
  21  1:29  Probe  
  22  1:35  Pylon  
  22  1:41  Probe  
  23  1:53  Probe  
  24  1:59  Stargate  
  24  2:00  Stalker  
  26  2:05  Warp Gate  
  26  2:13  Stalker  
  28  2:40  Oracle (Chrono Boost)  
  31  2:49  Nexus  
  31  3:01  Pylon  
  31  3:10  Twilight Council  
  31  3:19  Probe  
  32  3:31  Probe  
  33  3:43  Probe  
  33  3:44  Blink (Chrono Boost)  
  34  3:49  Pylon  
  34  3:55  Probe, Stalker x2  
  39  3:58  Shield Battery  
  39  4:12  Gateway  
  39  4:21  Stalker  
  39  4:22  Stalker  
  43  4:45  Stalker x2  
  47  4:47  Pylon  
  47  4:50  Probe (Chrono Boost)  
  48  5:01  Probe (Chrono Boost)  
  48  5:02  Pylon  
  49  5:07  Stalker  
  49  5:08  Stalker  
  49  5:11  Stalker  
  55  5:19  Pylon  
  55  5:42  Nexus  
  55  5:43  Sentry  
  55  5:44  Sentry  
  55  5:49  Sentry  
  61  6:00  Probe  
  60  6:06  Robotics Facility  
  60  6:12  Probe  
  61  6:24  Probe  
  62  6:29  Pylon  
  62  6:32  Forge  
  62  6:36  Probe (Chrono Boost)  
  64  6:48  Probe (Chrono Boost)  
  64  6:53  Probe (Chrono Boost), Charge  
  64  6:55  Probe  
  66  7:01  Immortal (Chrono Boost)  
  66  7:03  Probe  
  66  7:08  Probe  
  72  7:09  Pylon  
  72  7:14  Assimilator  
  72  7:15  Probe  
  73  7:20  Shield Battery  
  75  7:35  Shield Battery  
  77  7:37  Shield Battery  
  77  7:41  Observer (Chrono Boost)  
  74  7:44  Stalker  
  74  7:46  Stalker x2  
  80  8:08  Warp Prism (Chrono Boost)  
  80  8:09  Stalker  
  80  8:10  Stalker x2  
  64  8:34  Zealot, Stalker x2  

Tags
 
Add a new tag
Caveats
  • Supply blocks, unpowered buildings, or Contaminate may cause inaccurate times.
  • Supply counts are checked every 10 seconds.